Map: Berlingrad LE

Players

DPGRogue (Rogue) - Winner!

  • Race: Zerg Zerg

Solar

  • Race: Zerg Zerg
  • League: Master

Event: TSL 8

VOD

Have the link to the VOD?

Description

Time

  • Played on: Dec. 10, 2021, 7:48 a.m.
  • Length: 13:42

All games in this series

Show
View Real Time Build Order
Export as new Build Order

DPGRogue Zerg - Winner!

Build Orders: Pool First 

Get SALT Encoding   

  12  0:00  Drone  
  13  0:12  Overlord  
  13  0:16  Drone  
  14  0:30  Drone x2  
  16  0:41  Spawning Pool  
  15  0:43  Drone  
  15  0:47  Drone  
  17  1:07  Hatchery  
  17  1:10  Drone  
  17  1:25  Extractor  
  16  1:27  Zergling x2, Queen  
  16  1:29  Drone  
  16  1:31  Drone  
  21  1:41  Overlord  
  21  1:50  Drone  
  22  2:00  Drone  
  23  2:03  Queen  
  25  2:12  Drone  
  26  2:19  Drone, Queen  
  29  2:23  Drone  
  30  2:32  Drone  
  30  2:33  Drone  
  30  2:35  Overlord  
  30  2:36  Drone x2  
  34  2:42  Drone  
  35  2:44  Lair  
  35  2:46  Drone  
  36  2:53  Drone  
  36  2:57  Drone  
  38  3:03  Drone  
  39  3:08  Drone  
  39  3:09  Drone x3  
  39  3:12  Overlord  
  43  3:13  Evolution Chamber  
  43  3:14  Drone x2  
  43  3:18  Overlord  
  44  3:24  Roach Warren  
  43  3:27  Drone  
  43  3:31  Overlord  
  44  3:35  Drone  
  44  3:37  Extractor x2  
  44  3:39  Zerg Missile Weapons Level 1  
  44  3:40  Drone x2  
  44  3:41  Drone  
  46  3:44  Drone x2  
  46  3:46  Drone  
  49  3:49  Overlord  
  49  4:03  Glial Reconstitution  
  49  4:04  Hatchery  
  49  4:08  Roach  
  49  4:09  Roach  
  52  4:11  Roach  
  52  4:16  Roach x2  
  58  4:17  Overseer  
  58  4:22  Roach  
  58  4:23  Overlord  
  60  4:28  Extractor  
  60  4:29  Drone x3  
  63  4:31  Drone  
  63  4:34  Roach  
  63  4:36  Roach  
  67  4:42  Roach  
  68  4:46  Evolution Chamber  
  68  4:50  Roach  
  68  4:51  Roach x3  
  75  5:00  Drone, Overlord  
  75  5:02  Roach x2  
  75  5:04  Roach  
  82  5:07  Overlord  
  82  5:09  Overseer  
  82  5:13  Zerg Ground Armor Level 1  
  82  5:16  Drone x2  
  84  5:25  Drone x2, Overlord  
  86  5:31  Roach x3  
  86  5:34  Overlord  
  92  5:38  Overseer  
  92  5:42  Roach  
  96  5:43  Roach  
  96  5:45  Roach  
  96  5:48  Pneumatized Carapace  
  98  5:52  Drone x2  
  98  5:54  Drone  
  98  5:55  Drone  
  98  5:56  Drone  
  98  5:57  Drone  
  104  5:59  Zerg Missile Weapons Level 2  
  104  6:00  Drone  
  105  6:05  Overseer, Overlord  
  105  6:11  Roach  
  105  6:12  Roach x3  
  115  6:18  Roach  
  115  6:19  Drone x5  
  115  6:21  Drone, Overseer  
  121  6:28  Extractor  
  121  6:30  Roach  
  121  6:31  Roach x3  
  128  6:33  Overlord  
  128  6:35  Overlord  
  128  6:37  Ravager x2  
  128  6:38  Overlord  
  130  6:43  Extractor  
  130  6:45  Overlord  
  129  6:47  Overlord  
  129  6:48  Ravager  
  129  6:51  Drone  
  129  6:52  Drone x5  
  129  6:53  Drone  
  137  6:57  Overlord  
  137  7:02  Roach x3  
  137  7:05  Drone  
  144  7:09  Ravager x4  
  144  7:11  Roach x3  
  154  7:19  Hatchery  
  153  7:23  Drone  
  153  7:24  Drone, Spine Crawler  
  153  7:25  Drone, Spine Crawler  
  153  7:28  Spine Crawler  
  153  7:35  Drone, Overseer  
  154  7:37  Roach  
  154  7:38  Roach x2  
  154  7:39  Ravager x3  
  154  7:41  Nydus Network  
  162  7:46  Roach x4  
  170  7:52  Overlord x3  
  170  7:56  Overlord  
  170  7:57  Overseer  
  170  8:02  Overlord  
  170  8:05  Overseer  
  170  8:07  Overlord  
  170  8:11  Roach  
  170  8:12  Roach x6  
  184  8:17  Nydus Canal  
  184  8:18  Ravager x3  
  187  8:22  Roach x4  
  187  8:24  Roach  
  197  8:28  Roach  
  199  8:40  Tunneling Claws, Burrow  
  196  8:43  Roach x2  
  196  8:45  Roach  
  200  8:51  Queen  
  200  8:53  Spine Crawler  
  200  8:54  Roach  
  194  9:04  Roach x4  
  194  9:08  Roach  
  194  9:09  Roach x3, Zerg Ground Armor Level 2  
  200  9:21  Nydus Canal  
  189  9:31  Roach  
  189  9:32  Roach x4  
  189  9:37  Hydralisk Den, Roach  
  200  9:40  Extractor  
  191  9:48  Roach x4  
  199  9:57  Overseer  
  199  9:59  Nydus Canal  
  199  10:05  Roach x2  
  199  10:11  Roach x4  
  199  10:12  Roach x2  
  199  10:14  Roach x2  
  196  10:15  Roach  
  196  10:17  Spine Crawler  
  196  10:19  Roach  
  199  10:25  Roach x2  
  199  10:27  Grooved Spines  
  200  10:32  Nydus Canal  
  200  10:38  Roach x9  
  200  10:40  Spine Crawler, Roach  
  194  10:44  Roach x5  
  194  10:45  Roach  
  194  10:46  Roach  
  196  10:50  Roach  
  196  10:51  Roach  
  196  10:53  Spine Crawler  
  196  10:56  Roach x3  
  196  10:57  Roach x3  
  199  11:02  Roach x3  
  197  11:06  Roach x2  
  197  11:09  Roach x5  
  195  11:13  Roach x2  
  195  11:14  Queen x2  
  195  11:16  Roach x3  
  195  11:18  Roach  
  196  11:19  Nydus Canal  
  196  11:21  Roach x8  
  196  11:23  Roach x2  
  200  11:28  Spine Crawler  
  200  11:30  Roach  
  197  11:33  Roach  
  197  11:38  Muscular Augments  
  199  11:53  Roach  
  197  11:56  Roach  
  197  11:57  Roach x2  
  199  12:07  Roach  
  199  12:08  Nydus Canal  
  199  12:21  Roach  
  195  12:23  Roach x2  
  195  12:24  Roach  
  195  12:29  Roach x2  
  199  12:35  Roach  
  199  12:40  Roach  
  183  12:44  Roach x9  
  183  12:45  Roach  
  183  12:46  Hatchery, Roach x3  
  183  12:48  Roach  
  169  12:52  Roach x10  
  169  12:53  Roach  
Show
View Real Time Build Order
Export as new Build Order

Solar Zerg 

Build Orders: Hatch First 

Get SALT Encoding   

  12  0:01  Drone  
  13  0:12  Overlord  
  13  0:17  Drone  
  14  0:31  Drone x2  
  16  0:47  Hatchery  
  15  0:50  Drone  
  15  0:55  Drone  
  17  0:58  Drone  
  18  1:09  Extractor  
  17  1:13  Spawning Pool  
  17  1:16  Drone  
  17  1:19  Drone  
  18  1:27  Drone  
  19  1:42  Drone  
  20  1:50  Drone  
  21  1:59  Queen x2  
  21  2:00  Zergling x2  
  21  2:01  Overlord  
  26  2:09  Drone  
  26  2:10  Drone  
  28  2:23  Drone x2  
  30  2:32  Overlord  
  30  2:33  Drone  
  30  2:35  Queen  
  33  2:42  Drone x2  
  35  2:49  Evolution Chamber  
  34  2:53  Drone x2  
  34  2:57  Lair  
  35  3:01  Roach Warren  
  35  3:04  Drone x2  
  36  3:09  Drone x4  
  36  3:11  Drone  
  41  3:14  Drone  
  41  3:17  Zerg Missile Weapons Level 1  
  42  3:21  Extractor  
  42  3:22  Drone, Extractor  
  42  3:25  Overlord  
  41  3:28  Drone  
  41  3:30  Drone  
  43  3:39  Drone  
  44  3:43  Evolution Chamber  
  44  3:44  Drone x3  
  44  3:45  Drone  
  44  3:47  Overlord  
  47  3:49  Drone  
  47  3:52  Drone  
  47  3:53  Roach  
  51  3:56  Overseer, Glial Reconstitution  
  51  3:59  Overlord  
  52  4:06  Roach x2  
  56  4:13  Roach x2  
  60  4:21  Hatchery  
  60  4:23  Overlord  
  59  4:27  Roach x2  
  59  4:31  Drone  
  64  4:32  Extractor  
  64  4:34  Roach x2  
  67  4:39  Overlord  
  67  4:46  Drone  
  67  4:47  Drone  
  67  4:49  Roach x2  
  67  4:51  Evolution Chamber  
  67  4:52  Overlord  
  72  4:55  Roach x2  
  72  4:59  Roach  
  78  5:02  Overlord  
  78  5:09  Drone x2  
  78  5:10  Roach x2  
  78  5:11  Roach  
  86  5:16  Zerg Missile Weapons Level 2  
  86  5:22  Zerg Ground Armor Level 1  
  86  5:23  Overseer  
  86  5:25  Drone  
  86  5:27  Drone  
  88  5:30  Drone x2  
  88  5:34  Drone  
  91  5:37  Overlord  
  91  5:38  Overlord  
  91  5:43  Overlord  
  91  5:47  Drone  
  91  5:48  Roach x2  
  96  5:50  Drone x2  
  96  5:51  Drone  
  96  5:55  Drone  
  96  5:57  Overseer  
  100  5:58  Roach x2  
  100  5:59  Drone  
  105  6:04  Drone x2  
  105  6:05  Roach, Extractor  
  105  6:06  Roach  
  105  6:08  Drone  
  105  6:11  Drone  
  112  6:13  Roach x2  
  112  6:14  Roach  
  112  6:16  Roach  
  112  6:17  Ravager  
  112  6:18  Ravager x3  
  124  6:21  Overlord  
  124  6:23  Overlord  
  124  6:27  Roach x2  
  124  6:29  Roach  
  130  6:33  Spine Crawler  
  130  6:38  Overlord  
  129  6:40  Roach x2  
  129  6:41  Roach x2  
  129  6:42  Ravager  
  139  6:48  Burrow  
  139  6:50  Drone x6  
  139  6:52  Extractor  
  144  6:55  Drone  
  144  6:56  Overlord  
  144  7:01  Pneumatized Carapace  
  145  7:03  Drone  
  145  7:05  Roach  
  145  7:06  Roach x3  
  154  7:09  Overlord  
  154  7:13  Tunneling Claws  
  154  7:19  Overlord  
  154  7:21  Roach x2  
  158  7:23  Drone  
  158  7:25  Overlord  
  158  7:26  Ravager, Hatchery  
  158  7:29  Roach x3  
  165  7:34  Roach  
  165  7:35  Roach  
  169  7:37  Overlord  
  169  7:43  Roach x4  
  169  7:44  Roach  
  179  7:49  Overlord  
  183  7:51  Roach x3  
  183  7:52  Ravager  
  183  7:56  Overlord  
  183  7:57  Overseer  
  186  8:03  Overlord  
  186  8:04  Roach x8  
  186  8:18  Roach x4  
  194  8:22  Roach x4  
  194  8:24  Roach x3  
  200  8:39  Roach x5  
  198  8:48  Roach x2  
  192  8:49  Roach x4  
  199  9:00  Queen  
  199  9:03  Ravager  
  199  9:04  Roach x2  
  194  9:11  Roach x3  
  194  9:15  Ravager  
  194  9:16  Ravager  
  200  9:19  Spine Crawler  
  200  9:21  Spine Crawler  
  196  9:26  Spine Crawler, Roach  
  196  9:27  Roach  
  196  9:30  Overlord  
  197  9:31  Roach  
  197  9:32  Roach, Overlord  
  197  9:34  Hydralisk Den, Overlord  
  197  9:35  Spine Crawler, Overlord x2  
  197  9:37  Roach x2  
  197  9:38  Roach x3  
  195  9:39  Roach  
  195  9:40  Overlord  
  189  9:45  Roach x5  
  189  9:46  Overlord  
  189  9:47  Overlord  
  189  9:49  Roach x2  
  191  9:54  Roach x2  
  191  9:55  Roach  
  191  9:56  Ravager  
  191  9:58  Roach x5  
  191  9:59  Roach x3  
  200  10:02  Overseer x2  
  200  10:06  Roach  
  200  10:11  Roach x37  
  200  10:20  Queen  
  196  10:28  Overseer  
  194  10:36  Roach x2  
  194  10:37  Roach x2  
  194  10:40  Hydralisk Den, Roach x4  
  194  10:43  Roach  
  194  10:44  Roach x2  
  194  10:49  Roach x2  
  199  10:50  Roach x5  
  199  10:51  Roach  
  199  10:53  Drone  
  199  10:56  Roach  
  200  11:08  Roach  
  198  11:14  Roach x5  
  198  11:17  Roach x2  
  198  11:21  Roach x2  
  198  11:23  Ravager  
  198  11:24  Ravager x3  
  198  11:26  Roach  
  200  11:35  Hatchery  
  200  11:36  Roach  
  197  11:47  Roach  
  197  11:48  Roach Warren  
  197  11:50  Roach x2  
  197  11:53  Roach  
  199  11:57  Roach  
  197  12:03  Roach  
  193  12:09  Roach  
  193  12:10  Roach x2  
  197  12:16  Roach  
  197  12:19  Hatchery  
  197  12:22  Roach x3  
  192  12:35  Roach x3  
  186  12:39  Roach x2  
  186  12:41  Queen x2  
  160  12:48  Roach  
  160  12:49  Roach x2  
Tags
 
Add a new tag
Caveats
  • Supply blocks, unpowered buildings, or Contaminate may cause inaccurate times.
  • Supply counts are checked every 10 seconds.